 Dungeon Crawl Stone Soup version 0.27-a0-1219-g958d993ae5 (webtiles) character file.

Game seed: 13396700416814340743

16 saggybeans the Sneak (level 2, 0/13 HPs)
             Began as a Spriggan Enchanter on June 6, 2021.
             Slain by a ball python (1 damage)
             ... on level 1 of the Dungeon.
             The game lasted 00:03:55 (960 turns).

saggybeans the Sneak (Spriggan Enchanter)            Turns: 960, Time: 00:03:55

Health: 0/13       AC:  2    Str:  4    XL:     2   Next: 37%
Magic:  6/6        EV: 14    Int: 16    God:
Gold:   31         SH:  0    Dex: 15    Spells: 5/6 levels left

rFire    . . .     SeeInvis +   a - +1 dagger
rCold    . . .     Faith    .   (shield restricted)
rNeg     . . .     Spirit   .   b - +0 robe
rPois    .         Reflect  .   (helmet restricted)
rElec    .         Harm     .   (no cloak)
rCorr    .         Rampage  .   (gloves unavailable)
Will     .....                  (boots unavailable)
Stlth    +++.......             (no amulet)
HPRegen  0.04/turn              (no ring)
MPRegen  0.10/turn              (no ring)

@: constricted, very quick
A: very small, no large weapons, unfitting armour, see invisible, speed 3
a: no special abilities


You were on level 1 of the Dungeon.
You visited 1 branch of the dungeon, and saw 1 of its levels.

You collected 31 gold pieces.

Inventory:

Hand Weapons
 a - a +1 dagger (weapon)
Missiles
 d - 44 stones
 e - 4 javelins
Armour
 b - a +0 robe (worn)
Potions
 c - a potion of brilliance {unknown}


   Skills:
 + Level 1.8 Short Blades
 + Level 3.2 Dodging
 + Level 4.9 Stealth
 - Level 2.6 Spellcasting
 - Level 3.6 Hexes


You had 5 spell levels left.
You knew the following spells:

 Your Spells              Type           Power      Damage    Failure   Level
a - Corona                Hex            14%        N/A       4%          1

Your spell library contained the following spells:

 Spells                   Type           Power      Damage    Failure   Level
 Confusing Touch          Hex            13%        N/A       13%         3
 Tukima's Dance           Hex            13%        N/A       13%         3
 Ensorcelled Hibernation  Hex/Ice        14%        N/A       14%         2
 Dazzling Flash           Conj/Hex       14%        N/A       28%         3


Dungeon Overview and Level Annotations

Branches:
Dungeon (1/15)

Altars:


Innate Abilities, Weirdness & Mutations

You are very small and have problems with some larger weapons.
You are too small for most types of armour.
You have supernaturally acute eyesight. (SInv)
You cover ground extremely quickly. (Speed+++)


Message History

You open the door.
There is an open door here.
A ball python and a giant cockroach come into view.
Found 17 arrows.
The ball python hisses angrily.
The ball python bites you but does no damage.
The ball python completely misses you.
The giant cockroach completely misses you.
You hit the giant cockroach but do no damage.
The ball python closely misses you. The ball python grabs you.
The ball python constricts you. The giant cockroach misses you.
You hit the giant cockroach.
The giant cockroach is lightly wounded.
The ball python barely misses you. The ball python constricts you.
The giant cockroach closely misses you.
You hit the giant cockroach.
The giant cockroach is heavily wounded.
The ball python closely misses you. The ball python constricts you.
The giant cockroach bites you but does no damage.
You closely miss the giant cockroach.
The giant cockroach is heavily wounded.
The ball python barely misses you. The ball python constricts you.
The giant cockroach bites you but does no damage.
You hit the giant cockroach.
The giant cockroach is almost dead.
The ball python bites you. The ball python constricts you.
The giant cockroach completely misses you.
The ball python bites you. The ball python constricts you.
You hit the giant cockroach but do no damage.
The giant cockroach is almost dead.
The giant cockroach closely misses you. The ball python closely misses you.
The ball python constricts you.
You hit the giant cockroach.
You kill the giant cockroach!
The ball python barely misses you. The ball python constricts you.
You escape the ball python's grasp.
The ball python bites you.
* * * LOW HITPOINT WARNING * * *
The ball python grabs you.
You die...

......#########+#...............
......# .......#'########.....
.(.. #+###....#.# ###### ....
...........# ###≈≈≈≈ ...
...........# #......
...........# #.#≈≈≈≈
...........## #.#####
.......S....# #..# ...(...@....#
##.# ............# #'#
######......# ♣.♣♣♣♣ #......#
♣.P... #......# ♣.♣♣♣. ........#
♣.♣PP. .........# ♣.♣♣..
.........# ♣.♣P.⌠ ♣.♣...


You could see a ball python.

Vanquished Creatures
  2 bats (D:1)
  3 endoplasms (D:1)
  2 giant cockroaches (D:1)
  A goblin (D:1)
  A hobgoblin (D:1)
  2 ball pythons (D:1)
  A kobold (D:1)
  3 rats (D:1)
15 creatures vanquished.

Notes
Turn   | Place    | Note
-------+----------+-------------------------------------------
     0 | D:1      | saggybeans the Spriggan Enchanter began the quest for the
                  | Orb.
     0 | D:1      | Reached XP level 1. HP: 9/9 MP: 5/5
   504 | D:1      | Reached XP level 2. HP: 13/13 MP: 6/6
   960 | D:1      | Slain by a ball python

Illustrated notes

Levels and vault maps discovered:
D:1:      psy_arrival_fountain, layout_basic, minivault_27,
          amcnicky_mini_rare_corridor_liquid

Skill      XL: |  1 |
---------------+----+-----
Dodging        | 3 |  3.2
Short Blades   | |  1.8
Stealth        | |  4.9
Spellcasting   | |  2.6
Hexes          | |  3.6

Action                   || total
-------------------------++-------
Melee: Dagger            ||    49
 Cast: Corona            ||     1
 Stab: Sleeping          ||     7
Armor: Robe              ||     7
Dodge: Dodged            ||    39

Table legend: (Time is in decaauts)
 A = Elapsed time spent in this place.
 B = Non-inter-level travel time spent in this place.
 C = Inter-level travel time spent in this place.
 D = Time resting spent in this place.
 E = Time spent auto-exploring this place.
 F = Levels seen in this place.
 G = Mean time per level.
                   A        B        C        D        E       F      G
               +--------+--------+--------+--------+--------+-----+--------+
         Total |    723 |    723 |      0 |    309 |    253 |   1 |  723.0 |
       Dungeon |    723 |    723 |      0 |    309 |    253 |   1 |  723.0 |
               +--------+--------+--------+--------+--------+-----+--------+

Top non-repeatable levels by time:
     D:1: 723 daAuts
